 Dungeon Crawl Stone Soup version 0.29-a0-67-g1d65ae1bb4 (webtiles) character file.

Game seed: 14466011067440759

112350 Thymargl the Unseen (level 16, -10/84 HPs)
             Began as a Spriggan Enchanter on Feb 3, 2022.
             Was the Champion of Dithmenos.
             Killed from afar by an eleionoma (37 damage)
             ... with a spray of wooden splinters
             ... on level 3 of the Swamp.
             The game lasted 01:17:17 (28770 turns).

Thymargl the Unseen (Spriggan Enchanter)           Turns: 28770, Time: 01:17:18

Health: -10/84     AC: 14    Str: 10    XL:     16   Next: 11%
Magic:  33/36      EV: 30    Int: 17    God:    Dithmenos [******]
Gold:   2795       SH:  0    Dex: 17    Spells: 35/46 levels left

rFire   + . .      SeeInvis +   x - +9 dagger (protect)
rCold   + . .      Faith    .   (no shield)
rNeg    . . .      Spirit   .   L - +0 troll leather armour
rPois   .          Reflect  .   (helmet restricted)
rElec   .          Harm     .   K - +2 cloak
rCorr   .          Rampage  .   (gloves unavailable)
Will    ++...                   (boots unavailable) Stlth ***+++++++
                                p - amulet of Vegoem {rF+ rC+ Regen+}
HPRegen 1.84/turn               Q - +4 ring of evasion
MPRegen 0.25/turn               y - +4 ring of protection

@: confusing by touch, wreathed by umbra, very quick
A: very small, no large weapons, unfitting armour, see invisible, speed 3,
iridescent scales 1, sense surroundings 1, MP-powered wands
a: Renounce Religion, Shadow Step, Shadow Form


You were on level 3 of the Swamp.
You worshipped Dithmenos.
Dithmenos was exalted by your worship.
You visited 5 branches of the dungeon, and saw 28 of its levels.
You also visited: Ossuary.

You collected 3208 gold pieces.
You spent 413 gold pieces at shops.

Inventory:

Hand Weapons
 b - a +0 rapier of electrocution
 x - a +9 dagger of protection (weapon)
 E - a +2 rapier of speed
Missiles
 s - 36 poisoned darts (quivered)
 G - 3 datura-tipped darts
 P - 12 curare-tipped darts
Armour
 K - a +2 cloak (worn)
 L - a +0 troll leather armour (worn)
 W - a +2 robe of the Archmagi
Jewellery
 m - a ring of resist corrosion
 p - the amulet of Vegoem (around neck) {rF+ rC+ Regen+}
   (You acquired it on level 5 of the Dungeon)

   [amulet of regeneration]

   rF:        It protects you from fire.
   rC:        It protects you from cold.
   Regen:     It increases your rate of health regeneration.
 y - a +4 ring of protection (right hand)
 F - a ring of wizardry
 Q - a +4 ring of evasion (left hand)
 Y - the amulet of Awe {Acrobat +Inv rElec rC+}
   (You acquired it on level 15 of the Dungeon)

   [amulet of the acrobat]

   It increases your evasion while moving and waiting.
   rC:        It protects you from cold.
   rElec:     It insulates you from electricity.
   +Inv:      It lets you turn invisible.
Wands
 h - a wand of charming (6)
 q - a wand of flame (37)
 u - a wand of paralysis (18)
 w - a wand of iceblast (16)
 z - a wand of acid (1)
 B - a wand of mindburst (20)
 H - a wand of polymorph (13)
 J - a wand of digging (11)
Scrolls
 c - 2 scrolls of immolation
 d - 4 scrolls of blinking
 f - 8 scrolls of identify
 j - 6 scrolls of teleportation
 t - a scroll of amnesia
 C - 5 scrolls of fog
 D - 3 scrolls of summoning
 S - 3 scrolls of fear
 T - 2 scrolls of magic mapping
 U - a scroll of brand weapon
Potions
 a - 5 potions of attraction
 e - 6 potions of lignification
 g - 6 potions of brilliance
 k - a potion of berserk rage
 l - 4 potions of might
 n - 10 potions of curing
 o - 3 potions of ambrosia
 r - a potion of magic
 v - 5 potions of heal wounds
 M - a potion of resistance
 N - 2 potions of mutation
 O - 2 potions of invisibility
 R - a potion of cancellation
 V - 3 potions of haste
 Z - 4 potions of flight
Miscellaneous
 i - a lightning rod (4/4)
 X - a condenser vane


   Skills:
 + Level 9.2 Fighting
 - Level 11.0 Short Blades
 - Level 6.0 Armour
 + Level 14.1 Dodging
 + Level 19.0 Stealth
 + Level 15.5 Spellcasting
 + Level 15.5 Hexes
 + Level 5.9 Evocations


You had 35 spell levels left.
You knew the following spells:

 Your Spells              Type           Power      Damage    Failure   Level
a - Ensorcelled Hibernat  Hex/Ice        78%        N/A       1%          2
b - Tukima's Dance        Hex            60%        N/A       1%          3
c - Dazzling Flash        Conj/Hex       78%        N/A       1%          3
d - Confusing Touch       Hex            60%        N/A       1%          3

Your spell library contained the following spells:

 Spells                   Type           Power      Damage    Failure   Level
 Slow                     Hex            100%       N/A       0%          1
 Inner Flame              Hex/Fire       39%        N/A       1%          3
 Portal Projectile        Hex/Tloc       78%        N/A       1%          3
 Cause Fear               Hex            30%        N/A       1%          4
 Anguish                  Hex/Necr       19%        N/A       2%          4
 Fulminant Prism          Conj/Hex       19%        3d11      2%          4
 Leda's Liquefaction      Hex/Erth       19%        N/A       2%          4
 Animate Skeleton         Necr           26%        N/A       6%          1
 Beastly Appendage        Tmut           26%        N/A       6%          1
 Pain                     Necr           52%        1d6       6%          1
 Shock                    Conj/Air       52%        1d6       6%          1
 Enfeeble                 Hex            30%        N/A       9%          7
 Sublimation of Blood     Necr           13%        N/A       10%         2
 Wereblood                Tmut           13%        N/A       10%         2
 Call Canine Familiar     Summ           13%        N/A       19%         3
 Spider Form              Tmut/Pois      13%        N/A       19%         3
 Swiftness                Air            13%        N/A       19%         3
 Vampiric Draining        Necr           13%        2d6       19%         3
 Airstrike                Air            6%         N/A       52%         4
 Iskenderun's Mystic Bla  Conj/Tloc      13%        2d5       52%         4
 Summon Lightning Spire   Summ/Air       13%        N/A       52%         4
 Discord                  Hex            30%        N/A       56%         8
 Alistair's Intoxication  Tmut/Pois      8%         N/A       86%         5
 Borgnjor's Vile Clutch   Necr/Erth      6%         N/A       86%         5
 Freezing Cloud           Conj/Ice/Air   6%         6-21      86%         5
 Lee's Rapid Deconstruct  Erth           6%         3d7*      86%         5
 Lightning Bolt           Conj/Air       6%         1d18      86%         5
 Eringya's Noxious Bog    Tmut/Pois      6%         N/A       100%        6
 Simulacrum               Ice/Necr       6%         N/A       100%        6
 Malign Gateway           Summ/Tloc      6%         N/A       100%        7
 Summon Hydra             Summ           6%         N/A       100%        7
 Summon Horrible Things   Summ           6%         N/A       100%        8
 Polar Vortex             Ice            6%         N/A       100%        9


Dungeon Overview and Level Annotations

Branches:
Dungeon (15/15)            Temple (1/1) D:5            Lair (6/6) D:11
  Swamp (4/4) Lair:2       Spider (0/4) Lair:2        Slime (0/5) Lair:5
    Orc (2/2) D:9             Elf (0/3) Orc:2        Vaults (0/5) D:13
 Depths (0/4) D:15        Ossuary (visited)

Altars:
Cheibriados
Dithmenos
Gozag
Hepliaklqana
Makhleb
Ru
Trog
Uskayaw
Vehumet
Wu Jian
Xom
Zin
The Shining One
Beogh

Shops:
D:2 (   D:8 ![   D:15 *   Orc:2 [([*

Annotations:
D:5 3 runed translucent doors, Stonecrops's ghost, amateur VSBe
D:11 3 runed translucent doors, Viceroy's ghost, journeyman MfGl


Innate Abilities, Weirdness & Mutations

You are very small and have problems with some larger weapons.
You are too small for most types of armour.
You have supernaturally acute eyesight. (SInv)
You cover ground extremely quickly. (Speed+++)
You are partially covered in iridescent scales. (AC +2)
You passively map a small area around you.
You expend magic power (3 MP) to strengthen your wands.


Message History

You feel extremely sick.
You feel extremely sick.
You feel extremely sick.
You start resting.
Magic restored.
You feel very sick.
You feel very sick.
You start resting.
You feel very sick.
A bog body is nearby!
You feel sick.
Casting: Ensorcelled Hibernation (safe; 1% risk of failure)
Confirm with . or Enter, or press ? or * to list all spells.
Okay, then.
You feel much better.
You feel sick.
An eleionoma comes into view.
You enter the shallow water.
Moving in this stuff is going to be slow.
You feel sick.
You feel sick.
You enter the shallow water.
Moving in this stuff is going to be slow.
You feel sick.
The eleionoma flows through the trees.
The eleionoma completely misses you.
You feel sick. The eleionoma completely misses you.
You feel sick.
The eleionoma flows through the trees.
There is an escape hatch in the ceiling here.
You can't go down here!
You feel sick.
You are no longer poisoned.
The bog body gestures at you while chanting.
You resist with almost no effort. The eleionoma hits you!
* * * LOW HITPOINT WARNING * * *
You emit a cloud of dark smoke.
A mysterious force pulls you upwards. The hatch slams shut behind you.
Casting: Ensorcelled Hibernation (safe; 1% risk of failure)
Confirm with . or Enter, or press ? or * to list all spells.
Your hands begin to glow red.
The eleionoma hurls a spray of splinters at you.
The spray of wooden splinters hits you!!!
You die...

♣§≈≈.♣♣ ♣♣.≈♣♣
♣..≈≈≈≈≈.♣♣♣ ♣^≈♣♣♣ ♣.≈.♣
♣♣≈≈.≈.≈≈≈♣♣. ♣♣.♣♣ ♣♣≈≈≈♣
♣.)≈≈..≈≈≈.♣♣ ♣..♣ ♣≈..≈♣
♣.♣..♣....♣♣♣ .≈.♣ ♣≈.♣.♣♣
♣...♣♣.≈≈.♣♣♣ ≈≈♣♣ ♣≈.♣≈≈♣
♣♣≈≈.♣.....♣♣≈ (.♣
♣♣..♣≈≈♣♣♣♣..≈≈♣♣♣≈≈♣.♣.
.♣♣
♣♣≈≈≈.≈≈.♣♣.(≈≈.♣≈..♣♣♣♣♣
≈♣♣
♣♣.≈≈≈≈§R@♣.......≈♣♣♣♣..≈
.≈♣♣
♣.≈.≈..≈≈≈........♣♣♣..♣..
≈§≈♣♣
♣♣≈≈≈≈≈≈..≈≈≈§..♣♣♣....♣..
.≈≈≈♣ ♣♣..≈.≈§....≈≈≈≈♣♣
♣♣♣♣≈...
≈.≈.♣♣♣...♣≈≈≈.......≈≈♣
♣.≈≈≈
≈.)≈....≈.≈≈....≈≈≈≈.♣.♣♣
♣♣≈..
>..§≈≈.≈≈≈.§.≈≈≈≈≈≈≈≈.≈.♣
♣♣♣≈
.§§≈≈≈.≈.≈.♣.≈≈≈≈≈≈≈≈.≈♣♣
♣≈
.≈≈§≈≈.≈♣≈♣.≈≈≈≈≈≈≈≈≈≈≈♣
♣♣


You could see an eleionoma.

Vanquished Creatures
  Kirke (Lair:4)
  A thorn hunter (Swamp:3)
  5 eleionomae
  2 dire elephants (Lair:6)
  Nessos (D:12)
  3 shambling mangroves
  Josephine (D:12)
  9 hydras
  7 boulder beetles
  2 centaur warriors
  A ghost crab (Swamp:1)
  A death knight (D:11)
  A spriggan skeleton (D:15)
  2 two-headed ogres
  3 orc high priests (Orc:2)
  10 alligators
  Urug (Orc:2)
  A death yak (Lair:6)
  2 spriggans (Swamp:3)
  A spectral death yak (Lair:6)
  8 goliath frogs
  7 skeletal warriors
  A spectral anaconda (Lair:6)
  A spriggan druid (Swamp:3)
  2 swamp dragons
  An obsidian statue (Lair:6)
  5 bog bodies
  A wizard (D:13)
  A phantasmal warrior (D:15)
  6 orc knights
  A lindwurm (Lair:6)
  An oklob plant (Lair:5)
  4 necromancers
  A stone giant zombie (D:15)
  4 orc sorcerers (Orc:2)
  A frost giant zombie (D:15)
  6 ugly things
  A salamander (shapeshifter) (D:14)
  A fire giant zombie (D:15)
  4 cyclopes
  6 manticores
  A will-o-the-wisp (Swamp:3)
  3 centaur zombies
  11 elephants
  Maurice (D:12)
  7 black mambas
  A smoke demon (D:15)
  2 gargoyles (D:13)
  12 cane toads
  A rime drake (shapeshifter) (D:14)
  A kobold demonologist (D:12)
  2 unseen horrors
  Psyche (D:9)
  2 rime drakes
  10 komodo dragons
  A komodo dragon (shapeshifter) (D:13)
  An efreet (D:15)
  2 tengu conjurers
  An ice devil (D:15)
  8 trolls
  A bloated husk (Swamp:2)
  2 hornets (Swamp:3)
  A polar bear (shapeshifter) (D:15)
  7 blink frogs
  Grinder (D:4)
  9 tyrant leeches
  2 polar bears
  3 spectral elephants (Lair:6)
  2 dancing weapons
  8 wraiths
  10 wyverns
  A dire elephant simulacrum (Lair:6)
  7 hogs (Lair:4)
  2 basilisks
  20 yaks
  2 death yak simulacra (Lair:6)
  6 vampire mosquitoes
  A steam dragon (D:10)
  18 swamp worms
  A spectral cane toad (Lair:6)
  3 wargs
  19 water moccasins
  19 orc warriors
  3 black bears
  A sky beast (D:5)
  7 ogres
  2 swamp drakes
  2 ice beasts (D:6)
  2 elephant zombies (Lair:6)
  11 wolves
  8 centaurs
  An elephant skeleton (Lair:6)
  A phantom (D:6)
  A kobold brigand (D:9)
  Blork the orc (D:6)
  12 bullfrogs
  2 elf zombies (Ossuary)
  A wyvern zombie (D:9)
  6 scorpions
  26 killer bees
  5 howler monkeys
  A wight (D:7)
  2 elephant simulacra (Lair:6)
  2 electric eels (Lair:2)
  2 bullfrog zombies (D:6)
  4 crimson imps (D:15)
  4 jellies
  15 orc priests
  A human zombie (Ossuary)
  A gnoll shaman (D:9)
  A hound (D:2)
  A centaur skeleton (D:7)
  4 iguanas
  2 bullfrog skeletons (D:6)
  A scorpion zombie (D:5)
  14 orc wizards
  5 hell rats
  2 killer bee zombies
  4 mummies (Ossuary)
  11 adders
  3 gnolls (D:9)
  4 white imps (D:15)
  3 ufetubi
  2 adder zombies (Ossuary)
  3 worms
  4 dart slugs
  60 orcs
  8 ball pythons
  A bat (D:3)
  13 endoplasms
  4 giant cockroaches
  A goblin (D:1)
  5 hobgoblins
  9 jackals
  3 quokkas
  6 frilled lizards
  A gnoll zombie (Ossuary)
  2 hobgoblin zombies (Ossuary)
  2 jackal zombies (Ossuary)
  10 kobolds
  A kobold zombie (Ossuary)
  4 rats
  A rat zombie (Ossuary)
650 creatures vanquished.

Vanquished Creatures (collateral kills)
  Mara (Swamp:3)
  A two-headed ogre (D:9)
  4 orc warriors (Orc:2)
  An ogre (D:6)
  A gnoll sergeant (Orc:2)
  2 wights (D:7)
  An orc wizard (Orc:2)
  A gnoll (D:9)
  5 orcs
  3 kobolds
20 creatures vanquished.

Vanquished Creatures (others)
  A will-o-the-wisp (Swamp:4)
  12 dancing weapons
  A bloated husk (Swamp:2)
  A bush (D:11)
  A fire vortex (Orc:2)
  11 fungi
  41 plants
  10 withered plants
78 creatures vanquished.

Grand Total: 748 creatures vanquished

Notes
Turn   | Place    | Note
-------+----------+-------------------------------------------
     0 | D:1      | Thymargl the Spriggan Enchanter began the quest for the
                  | Orb.
     0 | D:1      | Reached XP level 1. HP: 9/9 MP: 5/5
    65 | D:1      | Reached XP level 2. HP: 13/13 MP: 7/7
    72 | D:1      | Learned a level 2 spell: Ensorcelled Hibernation
   522 | D:1      | Found a faded altar of an unknown god.
   734 | D:2      | Reached XP level 3. HP: 16/16 MP: 6/9
   753 | D:1      | Learned a level 3 spell: Tukima's Dance
   757 | D:1      | Learned a level 3 spell: Dazzling Flash
  1103 | D:2      | Reached XP level 4. HP: 19/21 MP: 8/11
  1145 | D:2      | Reached skill level 5 in Hexes
  1346 | D:2      | Found Baruunk's Weapon Emporium.
  2678 | D:3      | Learned a level 3 spell: Confusing Touch
  2952 | D:3      | Identified the +1 ring mail of a ziggurat {rC+}
  3258 | D:4      | Reached XP level 5. HP: 20/24 MP: 8/13
  3284 | D:4      | Noticed Grinder
  3315 | D:4      | Reached skill level 5 in Spellcasting
  3343 | D:4      | Killed Grinder
  3344 | D:4      | Reached skill level 5 in Stealth
  3344 | D:4      | Reached XP level 6. HP: 5/28 MP: 8/15
  3426 | D:4      | Found a sand-covered staircase.
  3438 | Ossuary  | Entered an ossuary
  3501 | Ossuary  | Reached skill level 6 in Stealth
  3571 | Ossuary  | Reached XP level 7. HP: 20/32 MP: 6/17
  4576 | D:4      | Found a sacrificial altar of Ru.
  4612 | D:4      | Reached skill level 7 in Stealth
  4853 | D:5      | Entered Level 5 of the Dungeon
  4938 | D:5      | Identified a scroll of acquirement
  4938 | D:5      | Acquired the amulet of Vegoem {rF+ rC+ Regen+}
  4983 | D:5      | Found a staircase to the Ecumenical Temple.
  4987 | D:5      | You fall into a shaft and drop 1 floor!
  5283 | D:6      | Reached skill level 8 in Stealth
  5292 | D:6      | Reached XP level 8. HP: 20/36 MP: 8/20
  5466 | D:5      | Found a runed translucent gate.
  5467 | D:5      | Found a runed translucent gate.
  5467 | D:5      | Found an opulent altar of Gozag.
  5468 | D:5      | Found a runed translucent gate.
  5470 | D:5      | Noticed Stonecrops's ghost (amateur VSBe)
  5473 | D:5      | Acquired 745 gold pieces
  5664 | Temple   | Entered the Ecumenical Temple
  5733 | Temple   | Became a worshipper of Dithmenos the Shadowed
  5778 | D:5      | Reached skill level 9 in Stealth
  6398 | D:6      | Noticed a troll
  6423 | D:6      | Killed a troll
  6424 | D:6      | Reached skill level 10 in Stealth
  6504 | D:6      | Reached XP level 9. HP: 37/39 MP: 18/22
  6940 | D:6      | Noticed Blork the orc
  6946 | D:6      | Killed Blork the orc
  6946 | D:6      | Reached * piety under Dithmenos
  7086 | D:7      | Reached skill level 11 in Stealth
  7256 | D:7      | Reached skill level 1 in Fighting
  7505 | D:7      | Gained mutation: You passively map a small area around you.
                  | [potion of mutation]
  7505 | D:7      | Gained mutation: You expend magic power (3 MP) to
                  | strengthen your wands. [potion of mutation]
  7505 | D:7      | Gained mutation: You are partially covered in iridescent
                  | scales. (AC +2) [potion of mutation]
  7826 | D:8      | Reached ** piety under Dithmenos
  7834 | D:8      | Reached skill level 10 in Hexes
  7976 | D:8      | Reached skill level 5 in Dodging
  7980 | D:8      | Reached XP level 10. HP: 39/47 MP: 15/24
  8198 | D:8      | Found Xuchyosi's Distillery.
  8206 | D:8      | Bought a potion of heal wounds for 65 gold pieces
  8206 | D:8      | Bought a potion of curing for 39 gold pieces
  8206 | D:8      | Bought a potion of heal wounds for 65 gold pieces
  8206 | D:8      | Bought a potion of might for 52 gold pieces
  8206 | D:8      | Bought a potion of curing for 39 gold pieces
  8206 | D:8      | Bought a potion of heal wounds for 65 gold pieces
  8271 | D:8      | Found Wuotikhla's Antique Armour Shoppe.
  8419 | D:9      | Noticed Psyche
  8428 | D:9      | Killed Psyche
  8429 | D:9      | Reached skill level 12 in Stealth
  8429 | D:9      | Reached skill level 10 in Spellcasting
  9340 | D:9      | Found a staircase to the Orcish Mines.
  9513 | D:9      | Noticed a two-headed ogre
  9524 | D:9      | Killed a two-headed ogre
  9758 | D:10     | Entered Level 10 of the Dungeon
  9867 | D:10     | Reached skill level 5 in Short Blades
  9941 | D:10     | Found the +0 staff of Battle
  9986 | D:10     | Identified the +10 whip of Tobreimn {vorpal, rN+}
 10013 | D:10     | Reached skill level 13 in Stealth
 10052 | D:10     | Reached XP level 11. HP: 53/53 MP: 23/26
 10170 | D:10     | Reached *** piety under Dithmenos
 10607 | D:10     | Identified the +8 hand axe of Karma {vamp, Contam rC++
                  | MP+9}
 10727 | D:11     | Reached **** piety under Dithmenos
 10752 | D:11     | Noticed a death knight
 11142 | D:11     | Noticed a boulder beetle
 11149 | D:11     | Killed a boulder beetle
 11151 | D:11     | Found a staircase to the Lair.
 11242 | D:11     | Killed a death knight
 11456 | D:11     | Identified the +0 helmet of Tartarus {rF+ Int+4}
 11525 | D:11     | Found a runed translucent gate.
 11525 | D:11     | Found a runed translucent gate.
 11525 | D:11     | Found a runed translucent gate.
 11528 | D:11     | Noticed Viceroy's ghost (journeyman MfGl)
 11548 | D:11     | Noticed a two-headed ogre
 11550 | D:11     | Killed a two-headed ogre
 11551 | D:11     | Reached skill level 5 in Fighting
 11551 | D:11     | Reached skill level 14 in Stealth
 12040 | D:11     | Identified the +3 ring mail "Tauckias" {Str+2 Dex+4}
 12238 | D:12     | Noticed Nessos
 12243 | D:12     | Killed Nessos
 12651 | D:12     | Noticed a purple ugly thing
 12651 | D:12     | Noticed a boulder beetle
 12656 | D:12     | Killed a purple ugly thing
 12658 | D:12     | Killed a boulder beetle
 12659 | D:12     | Reached XP level 12. HP: 60/60 MP: 28/28
 12708 | D:12     | Noticed Maurice
 12713 | D:12     | Killed Maurice
 12744 | D:13     | Noticed Josephine
 12947 | D:12     | Killed Josephine
 13067 | D:12     | Reached skill level 1 in Armour
 13076 | D:13     | Noticed a two-headed ogre
 13086 | D:13     | Killed a two-headed ogre
 13461 | D:13     | Found a gate to the Vaults.
 13636 | D:13     | Noticed a five-headed hydra
 13648 | D:13     | Killed a five-headed hydra
 13959 | D:14     | Reached skill level 5 in Armour
 13997 | D:14     | Noticed a centaur warrior
 14005 | D:14     | Killed a centaur warrior
 14034 | D:14     | Reached ***** piety under Dithmenos
 14309 | D:14     | Noticed a four-headed hydra
 14340 | D:14     | Killed a four-headed hydra
 14693 | D:13     | Reached skill level 15 in Stealth
 14788 | D:14     | Found a glowing silver altar of Zin.
 14840 | D:14     | Reached XP level 13. HP: 34/65 MP: 8/30
 15361 | Lair:1   | Entered Level 1 of the Lair of Beasts
 15431 | Lair:1   | Reached skill level 10 in Dodging
 16005 | Lair:2   | Found a hole to the Spider Nest.
 16525 | Lair:2   | Found a staircase to the Swamp.
 17316 | Lair:3   | Found a hide-covered altar of Uskayaw.
 17316 | Lair:3   | Found an ornate altar of the Wu Jian Council.
 17324 | Lair:3   | Reached skill level 16 in Stealth
 17375 | Lair:3   | Found a snail-covered altar of Cheibriados.
 18183 | Lair:4   | Noticed Kirke
 18400 | Lair:4   | Killed Kirke
 18965 | Lair:4   | Reached XP level 14. HP: 72/72 MP: 32/32
 19054 | Lair:4   | Reached ****** piety under Dithmenos
 19321 | Lair:5   | Found a staircase to the Slime Pits.
 19831 | Lair:6   | Entered Level 6 of the Lair of Beasts
 20632 | Lair:6   | Reached skill level 17 in Stealth
 20654 | Lair:6   | Reached skill level 10 in Short Blades
 21427 | Orc:1    | Entered Level 1 of the Orcish Mines
 21531 | Orc:1    | You fall into a shaft and drop 1 floor!
 21531 | Orc:2    | Entered Level 2 of the Orcish Mines
 22134 | Orc:2    | Noticed Urug
 22316 | Orc:2    | Killed Urug
 22632 | Orc:2    | Found Plog's General Store.
 22753 | Orc:2    | Found a staircase to the Elven Halls.
 23271 | Orc:2    | Reached XP level 15. HP: 77/77 MP: 14/34
 23562 | Orc:2    | Found Sant's Antique Armour Emporium.
 23563 | Orc:2    | Found Yciodd's Weapon Shop.
 23563 | Orc:2    | Found Ikuy's Armour Shop.
 23605 | Orc:2    | Bought a potion of invisibility for 88 gold pieces
 23900 | D:15     | Entered Level 15 of the Dungeon
 24135 | D:15     | Found Ozxal's Fire Supplies.
 24243 | D:15     | Found a staircase to the Depths.
 24682 | D:15     | Acquired the amulet of Awe {Acrobat +Inv rElec rC+}
 24970 | D:15     | Reached skill level 18 in Stealth
 25084 | D:15     | Reached skill level 1 in Evocations
 25660 | Swamp:1  | Entered Level 1 of the Swamp
 26217 | Swamp:1  | Reached skill level 15 in Hexes
 26721 | Swamp:2  | Reached skill level 15 in Spellcasting
 27177 | Swamp:3  | Noticed a thorn hunter
 27180 | Swamp:3  | Killed a thorn hunter
 27475 | Swamp:3  | Reached skill level 5 in Evocations
 27570 | Swamp:3  | Noticed Mara
 27769 | Swamp:3  | Noticed Thymargl's illusion
 28033 | Swamp:3  | Acquired a book of Hexes
 28071 | Swamp:3  | Noticed Thymargl's illusion
 28210 | Swamp:3  | Killed Mara
 28374 | Swamp:3  | Reached XP level 16. HP: 84/84 MP: 33/36
 28455 | Swamp:4  | Entered Level 4 of the Swamp
 28497 | Swamp:4  | Reached skill level 19 in Stealth
 28770 | Swamp:3  | Killed from afar by an eleionoma

Illustrated notes

Levels and vault maps discovered:
D:1:      dpeg_arrival_shelter, layout_rooms, basic_ecumenical_altar
D:2:      layout_loops_ring, serial_shops, shop, serial_forest,
          infiniplex_forest_clump_small, infiniplex_forest_straight_2,
          infiniplex_forest_lined_3, infiniplex_forest_clump_long,
          infiniplex_forest_clump_double, infiniplex_forest_join,
          infiniplex_forest_end_1, chequers_serial_rivers_micro_e
D:3:      layout_basic, minmay_misc_feat_room
D:4:      layout_cave_pools, nicolae_ru_awakened_eye,
          nicolae_ossuary_entry_monument, uniq_grinder
D:5:      layout_basic, minmay_temple_entry_large_hall, ebering_ghost_gozag
D:6:      cheibrodos_barr_body, layout_rooms, uniq_blork_the_orc
D:7:      layout_cave_pools, grunt_decor_one_mirror, nicolae_wand_duel
D:8:      nicolae_cairo_tiling_very_big, layout_cave_pools, serial_shops, shop,
          shop
D:9:      layout_grid_maze, orc_0_dummy, minmay_misc_feat_columns, uniq_psyche
D:10:     layout_gridville, special_room [special_room_orc],
          hellmonk_guarded_unrand_staff_of_battle
D:11:     layout_cave_pods, minmay_lair_entry_grove,
          gammafunk_ghost_nasty_kobolds
D:12:     layout_roguey, uniq_maurice, uniq_nessos
D:13:     layout_grid_maze, david_vaults_1, uniq_josephine
D:14:     layout_cave_pools, lemuel_tele_altar
D:15:     gammafunk_depths_entry_grave, layout_grid_maze, nicolae_shop_fire_sale
          [nicolae_sub_dead_trees], minmay_fountain_box, minmay_fire_ice_demons
Temple:   mainiacjoe_temple_hex_bubbles
Lair:1:   layout_regular_city, serial_bayou_shore_b
Lair:2:   layout_gridlike, nicolae_swamp_entry_splash_gauntlet,
          nicolae_spider_entry_non_spiders, serial_bayou_shore_a,
          lemuel_fruit_fields
Lair:3:   layout_cave_pods, basic_altar, nzn_masters_of_martial_movement
Lair:4:   layout_regular_city, uniq_kirke
Lair:5:   layout_roguey, nicolae_slime_entry_slimehenge, beast_lair_carwin_9
Lair:6:   due_jungle_book, layout_misc_corridors, st_stairs_3
Swamp:1:  layout_basic_swamp, serial_swamp_ruin, evilmike_swamp_ruin_rubble_2,
          hangedman_swamp_ruin_wall, evilmike_swamp_ruin_rubble_1, swamp_pool4
Swamp:2:  layout_basic_swamp, nicolae_swamp_small_spring
Swamp:3:  layout_falls_marsh, nicolae_swamp_treefoil, infiniplex_staircase_pool,
          uniq_mara
Swamp:4:  swamp_icy, layout_basic_swamp, swamp_pool3
Orc:1:    layout_diamond_mine
Orc:2:    st_orc_elflike, layout_caves, nicolae_orc_lava_tube, sword_in_stone

Skill      XL: |  1  2  3  4  5  6  7  8  9 10 11 12 13 14 15 16 |
---------------+-------------------------------------------------+-----
Spellcasting   | 3 4 5 6 7 8 9 10 11 12 13 14 15 | 15.5
Hexes          | 4 5 6 7 9 10 11 12 13 14 15 | 15.5
Stealth        | 5 6 8 10 11 13 14 15 16 17 18 19 | 19.0
Dodging        | 5 7 8 9 11 12 14 | 14.1
Fighting       | 2 4 5 7 8 9 |  9.2
Short Blades   | 3 5 7 9 10 11 | 11.0
Armour         | 6 |  6.0
Evocations     | 5 |  5.9

Action                   |  1- 3 |  4- 6 |  7- 9 | 10-12 | 13-15 | 16-18 || total
-------------------------+-------+-------+-------+-------+-------+-------++-------
Melee: Dagger            |    90 |   400 |   250 |   413 |   930 |    27 ||  2110
       Punch             |       |     4 |     5 |     7 |    20 |       ||    36
       Rapier            |       |       |       |       |    38 |       ||    38
Throw: Dart              |       |       |       |       |    11 |       ||    11
 Cast: Ensorcelled Hiber |     7 |    15 |    39 |   127 |   187 |    10 ||   385
       Confusing Touch   |       |     6 |    21 |    24 |    51 |     2 ||   104
       Tukima's Dance    |       |       |    11 |    35 |    53 |       ||    99
       Dazzling Flash    |       |       |       |       |     1 |       ||     1
Invok: Shadow Step       |       |       |       |       |     4 |       ||     4
Evoke: Wand              |       |       |     3 |     4 |    23 |       ||    30
       Lightning rod     |       |       |       |       |     4 |       ||     4
       Condenser vane    |       |       |       |       |     1 |       ||     1
  Use: Scroll            |     3 |     4 |    17 |     5 |    14 |       ||    43
       Potion            |       |     7 |     1 |     4 |     3 |     2 ||    17
 Stab: Sleeping          |    11 |    24 |    37 |    80 |   206 |     9 ||   367
       Distracted        |       |     1 |     1 |     2 |     8 |       ||    12
       Invisible         |       |     4 |       |       |     2 |       ||     6
       Confused          |       |     3 |    24 |    28 |    52 |     2 ||   109
Armor: Robe              |     4 |    14 |    27 |    46 |       |       ||    91
       Troll leather arm |       |       |       |    33 |    74 |     3 ||   110
Dodge: Dodged            |    70 |   114 |   204 |   528 |   672 |    47 ||  1635

Table legend: (Time is in decaauts)
 A = Elapsed time spent in this place.
 B = Non-inter-level travel time spent in this place.
 C = Inter-level travel time spent in this place.
 D = Time resting spent in this place.
 E = Time spent auto-exploring this place.
 F = Levels seen in this place.
 G = Mean time per level.
                   A        B        C        D        E       F      G
               +--------+--------+--------+--------+--------+-----+--------+
         Total |  21583 |  20531 |   1052 |   4635 |  10784 |  29 |  744.2 |
       Dungeon |  12253 |  11667 |    586 |   2488 |   6319 |  15 |  816.9 |
        Temple |     68 |     46 |     22 |      0 |     42 |   1 |   68.0 |
          Lair |   4138 |   3913 |    225 |    506 |   2446 |   6 |  689.7 |
         Swamp |   2521 |   2412 |    109 |    562 |   1141 |   4 |  630.2 |
  Orcish Mines |   1691 |   1583 |    108 |    388 |    800 |   2 |  845.5 |
       Ossuary |    911 |    911 |      0 |    690 |     34 |   1 |  911.0 |
               +--------+--------+--------+--------+--------+-----+--------+

Top non-repeatable levels by time:
   Orc:2: 1360 daAuts
     D:9: 1119 daAuts
    D:14: 1099 daAuts
    D:15: 1081 daAuts
  Lair:6: 1048 daAuts
     D:1: 990 daAuts
 Swamp:3: 930 daAuts
     D:6: 925 daAuts
 Ossuary: 911 daAuts
    D:10: 903 daAuts
    D:11: 872 daAuts
    D:13: 871 daAuts
     D:2: 849 daAuts
  Lair:3: 835 daAuts
    D:12: 745 daAuts
